 Dungeon Crawl Stone Soup version 0.23.2 (webtiles) character file.

Game seed: 8639306538141473915

67 Hologram784 the Ruffian (level 4, -1/37 HPs)
             Began as a Ghoul Gladiator on Apr 2, 2019.
             Was an Initiate of Makhleb.
             Slain by a hound (4 damage)
             ... on level 4 of the Dungeon.
             The game lasted 00:28:38 (2633 turns).

Hologram784 the Ruffian (Ghoul Gladiator)           Turns: 2633, Time: 00:28:38

Health: -1/37      AC:  9    Str: 18    XL:     4   Next: 18%
Magic:  3/3        EV: 12    Int:  3    God:    Makhleb [......]
Gold:   198        SH:  0    Dex: 10    Spells: 3/3 levels left

rFire    + . .     SeeInvis .     - Unarmed
rCold    + . .     Gourm    .   (no shield)
rNeg     + + +     Faith    .   f - +0 ring mail
rPois    ∞         Spirit   .   b - +0 helmet
rElec    .         Reflect  .   (no cloak)
rCorr    .         Harm     .   m - +2 pair of gloves
MR       .....                  (no boots)
Stlth    ..........             e - amulet of the acrobat
HPRegen  0.00/turn              k - ring of protection from fire
MPRegen  0.08/turn              t - ring of flight

@: rotting
A: rotting body, claws 1, carnivore, cold resistance 1, negative energy
resistance 3, inhibited regeneration, torment resistance, unbreathing
a: Renounce Religion, Evoke Flight


You were on level 4 of the Dungeon.
You worshipped Makhleb.
Makhleb was noncommittal.
You were not hungry.

You visited 1 branch of the dungeon, and saw 4 of its levels.

You collected 198 gold pieces.

Inventory:

Missiles
 a - 2 tomahawks of returning
 c - 3 throwing nets (quivered)
Armour
 b - a +0 helmet (worn)
 f - a +0 ring mail (worn)
 m - a +2 pair of gloves (worn)
Jewellery
 e - an amulet of the acrobat (around neck)
 k - a ring of protection from fire (left hand)
 t - a ring of flight (right hand)
Scrolls
 g - a scroll of random uselessness {unknown}
 i - 2 scrolls of magic mapping {unknown}
 j - a scroll of immolation {unknown}
 n - a scroll of blinking {unknown}
 o - a scroll of identify {unknown}
 p - a scroll of enchant weapon {unknown}
 s - a scroll of fear {unknown}
Potions
 h - 3 potions of curing {unknown}
 r - a potion of haste {unknown}
Comestibles
 d - 3 rations


   Skills:
 + Level 2.3 Fighting
 + Level 1.8 Throwing
 + Level 0.9 Armour
 + Level 3.3 Dodging
 + Level 4.5 Unarmed Combat


You had 3 spell levels left.
You didn't know any spells.
Your spell library was empty.

Dungeon Overview and Level Annotations

Branches:
Dungeon (4/15)
 Temple: D:4-7

Altars:
Makhleb
Sif Muna
Zin

Annotations:
D:3 2 transporters, Freyura's ghost, amateur GrFi; Grinder


Innate Abilities, Weirdness & Mutations

Your body is rotting away.
You thrive on raw meat.
You are immune to poison.
You have sharp fingernails.
You are carnivorous and can eat meat at any time.
Your flesh is cold resistant. (rC+)
You are immune to negative energy. (rN+++)
You do not regenerate when monsters are visible.
You are immune to unholy pain and torment.
You can survive without breathing.


Message History

You hit the hound but do no damage.
The hound is moderately wounded.
The hound closely misses you. The hound bites you but does no damage.
You hit the hound but do no damage.
The hound is moderately wounded.
The hound barely misses you.
You barely miss the hound.
The hound is moderately wounded.
The hound bites you.
* * * LOW HITPOINT WARNING * * *
The hound bites you.
* * * LOW HITPOINT WARNING * * *
You closely miss the hound.
The hound is moderately wounded.
The hound bites you but does no damage. The hound completely misses you.
You closely miss the hound.
The hound is moderately wounded.
The hound bites you.
You die...

#... ...#... #..#
....... #..##.......
##...[....... ###
#............
#.####............
#####...#..##........(
##).#........@h........
#..<...##......$.......
##[.....###............
##..........####...###
######.....# #..#
#....... .## #........
. ##........ ..
##..##.... ..


You could see a hound.

Vanquished Creatures
  An adder (D:3)
  A worm (D:2)
  2 dart slugs
  A leopard gecko (D:3)
  An orc (D:4)
  4 bats
  6 giant cockroaches
  9 goblins
  3 hobgoblins
  9 kobolds
  2 frilled lizards
  5 rats
44 creatures vanquished.

Notes
Turn   | Place    | Note
-------+----------+-------------------------------------------
     0 | D:1      | Hologram784 the Ghoul Gladiator began the quest for the
                  | Orb.
     0 | D:1      | Reached XP level 1. HP: 17/17 MP: 0/0
   170 | D:1      | Reached XP level 2. HP: 20/23 MP: 1/1
   604 | D:1      | Reached XP level 3. HP: 20/26 MP: 2/2
   700 | D:1      | Reached skill level 4 in Unarmed Combat
  1676 | D:2      | Found a glowing silver altar of Zin.
  2226 | D:3      | Reached XP level 4. HP: 34/37 MP: 3/3
  2272 | D:3      | Found a deep blue altar of Sif Muna.
  2390 | D:3      | Found a burning altar of Makhleb.
  2390 | D:3      | Noticed a balrug
  2394 | D:3      | Noticed a smoke demon
  2394 | D:3      | Noticed a smoke demon
  2401 | D:3      | Became a worshipper of Makhleb the Destroyer
  2444 | D:3      | Noticed a necrophage
  2449 | D:3      | Found a transporter.
  2450 | D:3      | Noticed Freyura's ghost (amateur GrFi)
  2461 | D:3      | Found a transporter.
  2466 | D:3      | Noticed Grinder
  2471 | D:3      | Paralysed by Grinder for 4 turns
  2482 | D:3      | Paralysed by Grinder for 2 turns
  2510 | D:3      | Paralysed by Grinder for 7 turns
  2524 | D:3      | Paralysed by Grinder for 3 turns
  2574 | D:3      | HP: 1/37 [orc/+0 whip (1)]
  2633 | D:4      | Slain by a hound

Skill      XL: |  1  2  3 |
---------------+----------+-----
Dodging        | 3 |  3.3
Unarmed Combat | 4 |  4.5
Fighting       | |  2.3
Throwing       | |  1.8
Armour         | |  0.9

Action                   |  1- 3 |  4- 6 || total
-------------------------+-------+-------++-------
Melee: Unarmed           |   106 |    42 ||   148
       Dagger            |     7 |       ||     7
       Whip              |     9 |       ||     9
       Punch             |     2 |       ||     2
  Use: Scroll            |       |     1 ||     1
  Eat: Chunk             |    10 |     3 ||    13
Armor: Leather armour    |    49 |    13 ||    62
       Ring mail         |       |     5 ||     5
Dodge: Dodged            |    85 |    35 ||   120
